AoeStats
← 拾贰赴秋

Arena

509047031Analyzed
4v4 RM · 7d ago on Sep 25, 2026· 55m 41s· 8 players
Game mode
Random Map
Map size
Large (8 player)
Population
200
Speed
Normal
Resources
Standard
Victory
Conquest
Starting age
Dark Age
Ending age
Imperial Age
RankedLock teamsTeams togetherTeam positionsShared explorationLock speedFull tech treeHidden civsTurbo modeCheats
Victory
Defeat
1371
+10
🇨🇳 Danes · China
1270
+13
🇦🇺 Vikings · Australia
1257
+14
🇨🇳 Varangians · China
994
+24
🇷🇴 Danes · Romania
1255
-17
🇹🇷 Khmer · Türkiye
1215
-16
🇨🇳 Britons · China
1188
-14
🇨🇳 Varangians · China
1172
-14
717504720
10:43 Feudal Age
14:30 Castle Age
12:20 Double-Bit Axe
12:21 Horse Collar
15:35 Bow Saw
19:01 Loom
21:53 Wheelbarrow
22:49 Hand Cart
22:38 Heavy Plow
22:43 Gold Mining
27:55 Imperial Age
25:30 Stone Mining
26:14 Ballistics
25:34 Treadmill Crane
25:46 Fletching
26:28 Bodkin Arrow
26:34 Padded Archer Armor
27:39 Gold Shaft Mining
28:20 Leather Archer Armor
28:18 Town Watch
29:42 Two-Man Saw
28:44 Bracer
29:45 Chemistry
30:16 Ring Archer Armor
32:57 Conscription
33:26 Guilds
33:32 Warwolf
33:48 Masonry
34:29 Conscription
33:30 Elite Longbowman
34:44 Onager
Jadwigga
11:16 Feudal Age
12:23 Double-Bit Axe
14:49 Castle Age
12:48 Horse Collar
22:52 Arson
23:18 Forging
25:29 Scale Mail Armor
27:47 Bow Saw
27:41 Heavy Plow
27:35 Gold Mining
28:39 Loom
28:40 Town Watch
30:15 Wheelbarrow
33:36 Imperial Age
32:01 Hand Cart
32:24 Crossbowman
32:56 Fletching
33:35 Thumb Ring
34:19 Bodkin Arrow
36:37 Elite Varangian Guard
37:20 Bracer
37:22 Padded Archer Armor
38:37 Squires
37:58 Pikeman
38:24 Gambesons
39:17 Iron Casting
38:20 Cranequins
38:20 Heavy Mounted Crossbowman
40:24 Chemistry
39:45 Ballistics
39:57 Onager
41:29 Siege Onager
45:08 Bloodlines
44:59 Husbandry
46:08 Hamask
kobeman
10:44 Feudal Age
14:13 Castle Age
12:20 Horse Collar
12:30 Double-Bit Axe
13:05 Horse Collar
15:21 Bow Saw
16:58 Loom
22:34 Wheelbarrow
22:31 Heavy Plow
28:24 Imperial Age
27:25 Hand Cart
27:25 Scale Barding Armor
27:31 Forging
27:15 Gold Mining
27:37 Vendel Legacy
29:21 Chain Barding Armor
28:28 Cavalier
29:38 Conscription
30:04 Bloodlines
29:55 Husbandry
30:42 Plate Barding Armor
31:46 Chemistry
31:56 Iron Casting
31:21 Fletching
32:09 Stone Mining
33:18 Ballistics
32:38 Treadmill Crane
34:36 Town Watch
35:04 Masonry
35:00 Siege Engineers
34:50 Murder Holes
36:38 Two-Man Saw
36:31 Crop Rotation
36:50 Town Patrol
38:05 Blast Furnace
38:05 Herbal Medicine
38:46 Architecture
38:27 Fortified Wall
43:30 Light Cavalry
50:20 Hussar
yalavuu
0:33 Loom
11:47 Feudal Age
14:39 Castle Age
12:31 Double-Bit Axe
13:23 Horse Collar
15:42 Bow Saw
15:35 Heavy Plow
26:30 Wheelbarrow
33:14 Imperial Age
31:11 Town Watch
34:56 Chemistry
34:46 Double Crossbow
35:09 Conscription
35:15 Ballistics
35:10 Light Cavalry
还是从前那个少年
11:09 Feudal Age
12:00 Double-Bit Axe
14:41 Castle Age
12:23 Horse Collar
15:39 Bow Saw
19:48 Wheelbarrow
20:37 Loom
27:34 Imperial Age
25:21 Gold Mining
26:00 Hand Cart
25:33 Loom
26:04 Hand Cart
25:57 Stone Mining
26:44 Gold Shaft Mining
26:39 Scale Mail Armor
27:23 Stone Shaft Mining
27:53 Chain Mail Armor
28:15 Forging
28:38 Conscription
27:56 Elite Jomsviking
28:01 Capped Ram
30:32 Plate Mail Armor
30:37 Iron Casting
29:49 Arson
30:05 Squires
29:51 Hamask
30:45 Town Watch
30:30 Siege Ram
35:52 Coinage
38:02 Banking
38:45 Hoardings
39:12 Blast Furnace
43:26 Fletching
44:10 Caravan
44:39 Pikeman
49:06 Siege Engineers
48:27 Halberdier
48:37 Elite Varangian Guard
50:20 Halberdier
54:58 Spies/Treason
只想搞事
8:35 Loom
10:22 Feudal Age
11:58 Double-Bit Axe
14:33 Castle Age
12:31 Horse Collar
27:15 Scale Mail Armor
36:36 Imperial Age
36:28 Fletching
36:51 Thumb Ring
36:58 Padded Archer Armor
37:29 Onager
38:59 Bodkin Arrow
39:20 Leather Archer Armor
40:36 Ballistics
41:17 Chemistry
40:23 Siege Engineers
39:43 Siege Onager
41:35 Chain Mail Armor
41:30 Forging
41:07 Elite Varangian Guard
41:51 Squires
41:38 Gambesons
44:22 Plate Mail Armor
44:27 Iron Casting
43:54 Bracer
46:26 Loom
47:19 Wheelbarrow
50:16 Bow Saw
49:58 Northmen's Fury
51:53 Blast Furnace
50:27 Hamask
51:28 Conscription
55:13 Spies/Treason
rAiDz
2:33 Loom
10:20 Feudal Age
15:39 Castle Age
14:35 Double-Bit Axe
14:31 Horse Collar
16:32 Heavy Plow
16:42 Bow Saw
19:59 Gold Mining
19:59 Stone Mining
23:50 Gold Shaft Mining
23:52 Town Watch
29:26 Imperial Age
28:08 Town Patrol
28:15 Town Patrol
29:29 Scale Barding Armor
29:26 Scale Mail Armor
29:37 Forging
29:14 Arson
29:30 Squires
31:10 Two-Man Saw
30:40 Crop Rotation
30:32 Conscription
31:59 Chieftains
32:20 Chain Mail Armor
32:50 Iron Casting
33:03 Elite Berserk
34:00 Pikeman
36:06 Plate Mail Armor
36:37 Blast Furnace
42:15 Elite Varangian Guard
49:03 Fletching
49:15 Padded Archer Armor
49:22 Scale Barding Armor
拾贰赴秋
10:06 Feudal Age
12:04 Loom
14:50 Castle Age
13:38 Double-Bit Axe
21:17 Horse Collar
28:05 Wheelbarrow
28:43 Gold Mining
29:56 Forging
29:46 Scale Mail Armor
30:19 Gambesons
30:20 Arson
30:36 Squires
31:14 Iron Casting
31:10 Heavy Plow
34:13 Imperial Age
32:00 Stone Mining
33:31 Chain Mail Armor
34:34 Elite Varangian Guard
36:09 Plate Mail Armor
41:27 Capped Ram
43:46 Blast Furnace
43:00 Siege Ram
44:24 Hand Cart
Connection lost

Rejoining the realm…

Still unreachable

The connection could not be restored.

Session expired

The server has moved on; the page needs a fresh start.